 Dungeon Crawl Stone Soup version 0.15-a0-1485-g692b94f (console) character file.

148 Sabretooth the Scratcher (level 5, -5/24 HPs)
             Began as a Felid Fighter on June 14, 2014.
             Slain by a gnoll
             ... wielding a +1,+2 halberd
              (15 damage)
             ... on Level 6 of the Dungeon.
             The game lasted 00:03:39 (871 turns).

Sabretooth the Scratcher (Felid Fighter)             Turns: 871, Time: 00:03:39

HP  -5/24        AC  4     Str 18      XL: 5   Next:  8%
MP   8/8         EV 19     Int 10      God:
Gold 67          SH  0     Dex 15      Spells:  0 memorised,  4 levels left
Lives: 0, deaths: 1

rFire  . . .     SeeInvis +       - Unarmed
rCold  . . .     Clarity  .     (armour unavailable)
rNeg   . . .     rCorr    .     (shield unavailable)
rPois  .         rRot     .     (helmet unavailable)
rElec  .         Spirit   .     (cloak unavailable)
SustAb .         Warding  .     (gloves unavailable)
rMut   .         Stasis   .     (boots unavailable)
Gourm  .                        (no amulet)
MR     .....                    (no ring)
                                i - +3 ring of protection

@: mighty, quick, not resistant to hostile enchantments, unstealthy
A: paw claws, no armour, no weapons or thrown items, fangs 3, see invisible,
carnivore 3, speed 1, shaggy fur 1, slow metabolism 1, jump 1
a: Jump Attack


You were on level 6 of the Dungeon.
You were not hungry.

You visited 1 branch of the dungeon, and saw 6 of its levels.

You collected 67 gold pieces.

Inventory:

Comestibles
 d - 2 meat rations
 g - a beef jerky
Scrolls
 f - 2 scrolls of identify {unknown}
 h - 2 scrolls of remove curse {unknown}
Jewellery
 i - a +3 ring of protection (left paw)


   Skills:
 - Level 3.0 Fighting
 - Level 4.0 Dodging
 + Level 6.8 Unarmed Combat


You had 4 spell levels left.
You didn't know any spells.

Dungeon Overview and Level Annotations

Branches:
Dungeon (6/15)
 Temple: D:4-7

Altars:
Gozag
Okawaru

Shops:
D:3 *


Innate Abilities, Weirdness & Mutations

You cannot wear armour.
You are incapable of wielding weapons or throwing items.
Your paws have sharp claws.
You have razor-sharp teeth.
You have supernaturally acute eyesight.
You are carnivorous and can eat meat at any time.
You cover ground quickly.
You are covered in fur (AC +1).
You have a slow metabolism.
You can jump attack at a short distance.


Message History

Things that are here:
a jackal corpse; an iguana corpse
There is an open door here.
There is a stone staircase leading down here.
You climb downwards. 4 gnolls come into view.
The gnoll shouts! x2
The gnoll moves out of view.
There is a stone staircase leading up here.
The gnoll shouts!
The gnoll barely misses you.
You claw the gnoll!
The gnoll begins to bleed from its wounds!
The gnoll is almost dead.
The gnoll completely misses you. The gnoll barely misses you.
You closely miss the gnoll. You bite the gnoll.
You kill the gnoll!
The gnoll hits you with a halberd!
Ouch! That really hurt!
You die...

###############
#...ggg@..<...#
#.###########.#
###### .....#
#.##.# #.##.#
##.##.###
#........
#..%..<##
#..######


You could see 3 gnolls.

Vanquished Creatures
  The ghost of Sabretooth the Scratcher, an average FeFi (D:5)
  An iguana (D:5)
  A worker ant (D:6)
  A hound zombie (D:6)
  An adder (D:2)
  A gnoll (D:6)
  A giant mite (D:5)
  An orc (D:5)
  2 hobgoblins (D:2)
  3 jackals (D:5)
  4 bats
  5 giant cockroaches
  A giant cockroach zombie (D:5)
  5 giant newts
  2 goblins
  2 kobolds (D:2)
  2 rats (D:3)
34 creatures vanquished.

Notes
Turn   | Place    | Note
--------------------------------------------------------------
     0 | D:1      | Sabretooth, the Felid Fighter, began the quest for the Orb.
     0 | D:1      | Reached XP level 1. HP: 10/10 MP: 2/2
    84 | D:2      | Reached XP level 2. HP: 5/14 MP: 3/3
   144 | D:2      | Found an iron altar of Okawaru.
   457 | D:3      | Found Gozag's Nutrition Petition.
   460 | D:3      | Found an opulent altar of Gozag.
   638 | D:5      | Entered Level 5 of the Dungeon
   665 | D:5      | Reached skill level 5 in Unarmed Combat
   719 | D:5      | Reached XP level 3. HP: 15/17 MP: 5/5
   784 | D:6      | Reached XP level 4. HP: 7/21 MP: 7/7
   802 | D:5      | HP: 1/21 [poisoned by a worker ant]
   807 | D:5      | HP: 1/21 [poisoned by a worker ant]
   811 | D:5      | Succumbed to a worker ant's poison
   812 | D:5      | Reached XP level 3. HP: 0/17 MP: 5/5
   830 | D:5      | Noticed Sabretooth's ghost (average FeFi)
   838 | D:5      | Killed Sabretooth's ghost
   838 | D:5      | Reached skill level 6 in Unarmed Combat
   838 | D:5      | Reached XP level 4. HP: 7/21 MP: 7/7
   858 | D:5      | Reached XP level 5. HP: 9/24 MP: 8/8
   871 | D:6      | Slain by a gnoll

Action                   |  1- 3 |  4- 6 || total
-------------------------+-------+-------++-------
Melee: Unarmed           |    90 |    14 ||   104
  Use: Potion            |     4 |       ||     4
 Stab: Sleeping          |     2 |       ||     2
       Invisible         |     2 |       ||     2
